 Dungeon Crawl Stone Soup version 0.27-a0-1136-g0b992a5a9d (webtiles) character file.

Game seed: 1243095630447872072

99 HoaS the Shooter (level 4, -1/26 HPs)
             Began as a Tengu Hunter on May 5, 2021.
             Shot with an arrow by a centaur (10 damage)
             ... on level 4 of the Dungeon.
             The game lasted 00:08:11 (3194 turns).

HoaS the Shooter (Tengu Hunter)                     Turns: 3194, Time: 00:08:11

Health: -1/26      AC:  5    Str: 14    XL:     4   Next: 72%
Magic:  5/5        EV: 11    Int: 11    God:
Gold:   138        SH:  0    Dex: 14    Spells: 3/3 levels left

rFire    . . .     SeeInvis .   w - +2 shortbow (flame)
rCold    . . .     Faith    .   (shield currently unavailable)
rNeg     . . .     Spirit   .   j - +0 ring mail
rPois    .         Reflect  .   (helmet restricted)
rElec    .         Harm     .   (no cloak)
rCorr    .         Rampage  .   (no gloves)
Will     .....                  (boots unavailable)
Stlth    +.........             (no amulet)
HPRegen  0.08/turn              (no ring)
MPRegen  0.09/turn              (no ring)

@: no status effects
A: beak, talons 3
a: no special abilities


You were on level 4 of the Dungeon.
You visited 1 branch of the dungeon, and saw 4 of its levels.

You collected 138 gold pieces.

Inventory:

Hand Weapons
 a - a +2 vampiric dagger
 w - a +2 shortbow of flaming (weapon)
Missiles
 d - 59 arrows (quivered ammo)
Armour
 j - a +0 ring mail (worn)
Jewellery
 c - a ring of fire
Scrolls
 b - a scroll of summoning {unknown}
 g - 2 scrolls of teleportation
Potions
 e - 2 potions of heal wounds
 f - a potion of mutation
 h - a potion of curing
 k - a potion of flight {unknown}


   Skills:
 - Level 2.0 Fighting
 + Level 6.5 Bows
 - Level 2.1 Dodging
 - Level 1.0 Stealth


You had 3 spell levels left.
You didn't know any spells.
Your spell library was empty.

Dungeon Overview and Level Annotations

Branches:
Dungeon (4/15)
 Temple: D:4-7

Altars:


Innate Abilities, Weirdness & Mutations

You have a beak for a mouth.
You have claws for feet.


Message History

The jackal is lightly wounded.
The jackal barely misses you.
The jackal bites you but does no damage.
You hit the jackal. You peck the jackal.
The jackal is almost dead.
The jackal bites you.
You closely miss the jackal.
The jackal is almost dead.
The jackal misses you. x2
You hit the jackal.
You feel better.
You kill the jackal!
A goblin comes into view. It is wielding a +0 club.
A goblin is nearby!
The goblin hits you but does no damage.
You hit the goblin.
You feel better.
You claw the goblin, but do no damage.
The goblin is severely wounded.
The goblin closely misses you.
You closely miss the goblin. Your kick misses the goblin.
The goblin is severely wounded.
The goblin hits you with a +0 club.
You hit the goblin.
You kill the goblin!
No target in view!
Things that are here:
a +0 club; a goblin corpse You now have 138 gold pieces (gained 10).
b - a scroll labelled DERYTA KEZAD HP restored.
A centaur comes into view.
The centaur shouts!
The centaur wields a +0 shortbow.
The centaur shoots an arrow.
The arrow hits you.
The centaur shoots an arrow.
The arrow hits you!
You feel the dreadful sensation subside.
Your +2 shortbow of flaming bursts into flame!
w - a +2 shortbow of flaming (weapon)
You shoot an arrow.
The arrow hits the centaur but does no damage.
The centaur shoots an arrow.
The arrow hits you!
The centaur shoots an arrow.
The arrow hits you!
You die...

.# ..... .# #c#.#
#######.#
#.#.####.....#.#
#.#........#.#.# #
#.#.####.#.#.#.#
####.#.#.# #.#.#.#.#
.......#.####.#.....#
#...@......###.#.#
###.#.###### #.#.#
#.#.# #.#.# #.#.###
#.### #.....# #.#
#####.# #.# #.# #.#
#)# #.# #.# #.#


You could see a centaur.

Vanquished Creatures
  5 adders
  A dart slug (D:1)
  3 worms (D:2)
  2 orcs (D:3)
  An endoplasm (D:1)
  3 jackals
  9 kobolds
  3 ball pythons
  3 bats
  7 frilled lizards
  7 goblins
  4 rats
48 creatures vanquished.

Vanquished Creatures (others)
  3 plants (D:1)
3 creatures vanquished.

Grand Total: 51 creatures vanquished

Notes
Turn   | Place    | Note
-------+----------+-------------------------------------------
     0 | D:1      | HoaS the Tengu Hunter began the quest for the Orb.
     0 | D:1      | Reached XP level 1. HP: 12/12 MP: 2/2
   327 | D:1      | Reached XP level 2. HP: 12/17 MP: 3/3
   917 | D:1      | Reached skill level 5 in Bows
  1454 | D:2      | Reached XP level 3. HP: 21/21 MP: 4/4
  1864 | D:2      | Found a faded altar of an unknown god.
  2233 | D:3      | Reached skill level 6 in Bows
  2233 | D:3      | Reached XP level 4. HP: 18/26 MP: 5/5
  3192 | D:4      | Noticed a centaur
  3194 | D:4      | Shot with an arrow by a centaur

Illustrated notes

Levels and vault maps discovered:
D:1:      scummos_arrival_star, layout_basic, serial_forest,
          infiniplex_forest_corner_1, infiniplex_forest_clump_medium,
          infiniplex_forest_lined_2, infiniplex_forest_clump_long,
          infiniplex_forest_clump_curved, minmay_misc_feat_hallway
D:2:      layout_rooms, shapermc_ecumenical_altar_mp_vishouse
D:3:      layout_rooms, minmay_randomly_rotated_circles
D:4:      layout_basic

Skill      XL: |  1  2  3 |
---------------+----------+-----
Bows           | 5 6 |  6.5
Fighting       | |  2.0
Dodging        | |  2.1
Stealth        | |  1.0

Action                   |  1- 3 |  4- 6 || total
-------------------------+-------+-------++-------
Melee: Dagger            |    88 |    53 ||   141
       Peck              |    21 |     7 ||    28
       Kick              |    20 |     8 ||    28
       Short sword       |     2 |       ||     2
 Fire: Shortbow          |       |     1 ||     1
  Use: Scroll            |     5 |     6 ||    11
 Stab: Sleeping          |     1 |       ||     1
Armor: Leather armour    |    17 |       ||    17
       Ring mail         |       |    18 ||    18
Dodge: Dodged            |    43 |    24 ||    67

Table legend: (Time is in decaauts)
 A = Elapsed time spent in this place.
 B = Non-inter-level travel time spent in this place.
 C = Inter-level travel time spent in this place.
 D = Time resting spent in this place.
 E = Time spent auto-exploring this place.
 F = Levels seen in this place.
 G = Mean time per level.
                   A        B        C        D        E       F      G
               +--------+--------+--------+--------+--------+-----+--------+
         Total |   3195 |   3137 |     58 |    981 |   1697 |   4 |  798.8 |
       Dungeon |   3195 |   3137 |     58 |    981 |   1697 |   4 |  798.8 |
               +--------+--------+--------+--------+--------+-----+--------+

Top non-repeatable levels by time:
     D:1: 1470 daAuts
     D:3: 834 daAuts
     D:2: 729 daAuts
     D:4: 160 daAuts
